Map: World of Sleepers LE

Players

NoRegreT

  • Race: Zerg Zerg
  • Spawn Location: 7:00

soO - Winner!

  • Race: Zerg Zerg
  • Spawn Location: 1:00

Event: NationWars 2019

VOD

Have the link to the VOD?

Description

Time

  • Played on: Dec. 1, 2019, 1:30 p.m.
  • Length: 8:52
Show
View Real Time Build Order
Export as new Build Order

NoRegreT Zerg 

Build Orders: Hatch First 

Get SALT Encoding   

  12  0:00  Drone  
  13  0:08  Drone  
  14  0:16  Drone, Extractor  
  15  0:37  Hatchery  
  15  0:40  Extractor  
  13  0:55  Spawning Pool  
  12  0:58  Drone  
  12  1:03  Drone  
  14  1:08  Extractor  
  14  1:09  Drone  
  15  1:18  Overlord  
  15  1:41  Drone  
  15  1:46  Metabolic Boost  
  18  1:50  Queen  
  18  1:52  Drone  
  18  1:53  Zergling x2  
  20  1:55  Zergling x2  
  21  2:03  Zergling x2  
  21  2:04  Zergling x2  
  23  2:08  Overlord  
  23  2:13  Zergling x2  
  24  2:17  Zergling x2  
  24  2:22  Zergling x2  
  26  2:30  Zergling x2  
  26  2:35  Zergling x2  
  28  2:37  Zergling x2  
  28  2:43  Zergling x2  
  29  2:47  Zergling x2  
  30  2:54  Zergling x2  
  30  2:57  Zergling x2  
  32  2:58  Zergling x4  
  32  2:59  Zergling x2  
  35  3:05  Overlord  
  35  3:11  Overlord  
  35  3:23  Zergling x2  
  35  3:24  Zergling x2  
  35  3:26  Zergling x2  
  36  3:31  Zergling x6  
  36  3:32  Zergling x2  
  36  3:39  Zergling x2  
  36  3:41  Zergling x2  
  31  3:46  Baneling Nest  
  27  3:51  Zergling x2  
  27  3:53  Zergling x2  
  29  4:02  Zergling x4  
  31  4:14  Zergling x4  
  31  4:15  Zergling x4  
  35  4:18  Zergling x2  
  33  4:24  Zergling x2  
  33  4:25  Zergling x2  
  32  4:35  Zergling x4  
  32  4:36  Baneling  
  34  4:41  Zergling x4  
  34  4:45  Baneling x3  
  36  4:46  Zergling x2  
  36  4:49  Zergling x2  
  36  4:51  Zergling x2  
  35  5:06  Zergling x4, Baneling  
  34  5:09  Zergling x4  
  34  5:13  Zergling x2  
  30  5:17  Zergling x2  
  30  5:26  Zergling x2  
  29  5:29  Zergling x2  
  29  5:35  Baneling  
  25  5:36  Zergling x2  
  25  5:38  Zergling x2  
  26  5:43  Zergling x2  
  26  5:46  Zergling x2  
  28  5:52  Zergling x2  
  29  5:58  Zergling x2  
  28  6:05  Zergling x2  
  28  6:06  Baneling  
  28  6:14  Zergling x4  
  28  6:17  Zergling x4  
  29  6:24  Zergling x4  
  28  6:30  Zergling x2  
  27  6:36  Zergling x2  
  27  6:39  Baneling  
  24  6:44  Zergling x2  
  15  7:20  Baneling  
  15  7:24  Zergling x2  
  15  7:29  Zergling x2  
  17  7:36  Zergling x2  
  17  7:39  Zergling x2  
  18  7:44  Zergling x2  
  18  7:50  Zergling x2  
  18  7:56  Zergling x2  
  18  8:01  Baneling  
  18  8:04  Zergling x2  
  19  8:10  Zergling x2  
  17  8:25  Zergling x2  
  17  8:26  Baneling  
  10  8:32  Zergling x2  
Show
View Real Time Build Order
Export as new Build Order

soO Zerg - Winner!

Build Orders: Hatch First 

Get SALT Encoding   

  12  0:00  Drone  
  13  0:12  Overlord  
  13  0:17  Drone  
  14  0:30  Drone x2  
  16  0:47  Hatchery  
  15  0:50  Drone  
  15  0:54  Drone  
  17  0:57  Drone  
  18  1:08  Extractor  
  17  1:13  Spawning Pool  
  17  1:15  Drone  
  17  1:18  Drone  
  18  1:28  Drone  
  19  1:38  Overlord  
  19  1:58  Drone  
  19  1:59  Queen x2  
  19  2:00  Zergling x2  
  25  2:07  Metabolic Boost  
  25  2:10  Drone  
  25  2:14  Drone x2  
  28  2:24  Drone x2  
  29  2:39  Drone, Hatchery  
  29  2:45  Drone  
  29  2:48  Drone, Overlord  
  31  2:54  Baneling Nest  
  31  2:55  Drone  
  31  2:58  Drone  
  32  3:05  Zergling x2  
  32  3:06  Zergling x2  
  32  3:11  Zergling x8  
  39  3:13  Zergling x4  
  39  3:15  Queen  
  39  3:17  Zergling x2  
  39  3:18  Overlord  
  41  3:32  Zergling x4  
  38  3:37  Zergling x4  
  31  3:43  Baneling Nest  
  31  3:47  Queen  
  31  3:48  Zergling x2  
  31  3:49  Zergling x2  
  32  3:59  Drone x2  
  34  4:09  Zergling x2  
  35  4:12  Zergling x2  
  35  4:23  Zergling x6  
  33  4:28  Zergling x4  
  34  4:31  Baneling x2  
  34  4:33  Zergling x4  
  35  4:43  Drone  
  35  4:44  Drone  
  36  4:52  Baneling x2  
  31  5:01  Zergling x2  
  31  5:02  Baneling  
  31  5:05  Zergling x4  
  32  5:09  Zergling x2  
  32  5:10  Zergling x4  
  32  5:11  Zergling x2  
  31  5:14  Zergling x4  
  31  5:15  Zergling x4  
  31  5:18  Zergling x2  
  31  5:26  Zergling x2  
  29  5:29  Zergling x2  
  29  5:34  Baneling x2  
  23  5:40  Queen  
  24  5:43  Baneling  
  24  5:45  Drone  
  24  5:49  Baneling  
  23  5:57  Baneling  
  23  5:58  Zergling x2, Baneling  
  23  6:05  Zergling x2  
  23  6:06  Zergling x2  
  24  6:15  Zergling x6  
  27  6:21  Zergling x2  
  25  6:29  Zergling x2  
  25  6:33  Zergling x2  
  25  6:39  Baneling  
  20  6:40  Zergling x2  
  20  6:43  Zergling x2  
  18  6:48  Zergling x2  
  18  6:50  Zergling x4  
  19  6:55  Zergling x2  
  19  7:00  Zergling x2  
  16  7:22  Baneling x2  
  15  7:23  Zergling x4  
  18  7:30  Zergling x2  
  18  7:35  Zergling x2  
  19  7:43  Zergling x2  
  20  7:45  Zergling x2  
  20  7:50  Zergling x2  
  21  8:01  Zergling x2  
  21  8:04  Baneling  
  22  8:19  Zergling x2  
  22  8:22  Zergling x2  
  22  8:25  Zergling x2  
  22  8:26  Zergling x2  
  22  8:34  Zergling x4  
Tags
 
Add a new tag
Caveats
  • Supply blocks, unpowered buildings, or Contaminate may cause inaccurate times.
  • Supply counts are checked every 10 seconds.